SA
CONNETQUOT CHIEFS @ KENNESAW JETS
06/04/2034
 
TOP OF THE 1ST
Connetquot Chiefs batting - Pitching for Kennesaw Jets : LHP Ernesto Méndez
Pitching: LHP Ernesto Méndez
Batting: RHB Takeshi Kovacs 0-0: Bunt missed!
0-1: Foul Ball, location: 2F
0-2: Fly out, F3 (Popup, 3L)
Batting: LHB Rurik Elhov 0-0: Fly out, F5 (Popup, 5F)
Batting: LHB Carlos Guzmán 0-0: Ball
1-0: Called Strike
1-1: Ball
2-1: Foul Ball, location: 2F
2-2: Strikes out swinging
Top of the 1st over - 0 runs, 0 hits, 0 errors, 0 left on base; Connetquot 0 - Kennesaw 0
BOTTOM OF THE 1ST
Kennesaw Jets batting - Pitching for Connetquot Chiefs : RHP David Perkins
Pitching: RHP David Perkins
Batting: RHB Kian Curling 0-0: Ball
1-0: Swinging Strike
1-1: Ball
2-1: Ball
3-1: Base on Balls
Batting: RHB Albert August 0-0: Called Strike
Kian Curling steals 2nd base
0-1: Ball
1-1: Ground out 5-3 (Groundball, 56)
Batting: RHB Alain Grosjean 0-0: Ball
Kian Curling is caught stealing 3rd base
1-0: Ball
2-0: Foul Ball, location: 2F
2-1: Called Strike
2-2: Ball
3-2: Fly out, F3 (Popup, 3SF)
Bottom of the 1st over - 0 runs, 0 hits, 0 errors, 0 left on base; Connetquot 0 - Kennesaw 0
TOP OF THE 2ND
Connetquot Chiefs batting - Pitching for Kennesaw Jets : LHP Ernesto Méndez
Batting: LHB Luis Aguilar 0-0: Called Strike
0-1: Fly out, F7 (Line Drive, 7S)
Batting: LHB Ramiro Palmeiro 0-0: Called Strike
0-1: Swinging Strike
0-2: Ball
1-2: Strikes out swinging
Batting: RHB Jason Bradley 0-0: SINGLE (Line Drive, 34D)
Batting: RHB Javier Reyes 0-0: Called Strike
0-1: Ball
1-1: Foul Ball, location: 2F
1-2: Strikes out swinging
Top of the 2nd over - 0 runs, 1 hit, 0 errors, 1 left on base; Connetquot 0 - Kennesaw 0
BOTTOM OF THE 2ND
Kennesaw Jets batting - Pitching for Connetquot Chiefs : RHP David Perkins
Batting: RHB Meester Gobbles-Rooster 0-0: Ball
1-0: Ball
2-0: SINGLE (Groundball, 6D)
Batting: LHB Lorenzo Trujillo 0-0: Called Strike
0-1: Ball
1-1: Ball
2-1: Foul Ball, location: 2F
2-2: Foul Ball, location: 2F
2-2: Ball
3-2: SINGLE (Groundball, 34D)
Meester Gobbles-Rooster to second
Runner from 2nd tries for 3rd, SAFE, no throw
Batting: LHB Sandor Addicks 0-0: Foul Ball, location: 2F
0-1: Swinging Strike
0-2: Foul Ball, location: 2F
0-2: Ball
1-2: Ball
2-2: Foul Ball, location: 2F
2-2: Ground out U3 (Groundball, 34S)
Meester Gobbles-Rooster scores
Lorenzo Trujillo to second
Batting: RHB Troy Ferguson 0-0: Ball
1-0: Foul Ball, location: 2F
1-1: Called Strike
1-2: Strikes out swinging
Batting: RHB Conor Culver 0-0: Ball
1-0: Called Strike
1-1: Fly out, F8 (Line Drive, 8RS)
Bottom of the 2nd over - 1 run, 2 hits, 0 errors, 1 left on base; Connetquot 0 - Kennesaw 1
TOP OF THE 3RD
Connetquot Chiefs batting - Pitching for Kennesaw Jets : LHP Ernesto Méndez
Batting: RHB Brock Waxley 0-0: Foul Ball, location: 2F
0-1: Fly out, F8 (Flyball, 8LM)
Batting: RHB Jack Lynch 0-0: Called Strike
0-1: Ball
1-1: Ground out 6-3 (Groundball, 56D)
Batting: RHB Takeshi Kovacs 0-0: SINGLE (Line Drive, 7S)
Batting: LHB Rurik Elhov 0-0: Ball
Takeshi Kovacs steals 2nd base
1-0: Called Strike
1-1: Swinging Strike
1-2: Strikes out swinging
Top of the 3rd over - 0 runs, 1 hit, 0 errors, 1 left on base; Connetquot 0 - Kennesaw 1
BOTTOM OF THE 3RD
Kennesaw Jets batting - Pitching for Connetquot Chiefs : RHP David Perkins
Batting: RHB Cary Beswich 0-0: Ball
1-0: Ball
2-0: Ball
3-0: Foul Ball, location: 2F
3-1: Base on Balls
Batting: RHB Kian Curling 0-0: Swinging Strike
0-1: Ball
1-1: Ball
2-1: Foul Ball, location: 2F
2-2: Strikes out swinging
Batting: RHB Albert August 0-0: Ball
1-0: Ball
2-0: Foul Ball, location: 2F
2-1: Grounds into double play, 4-6-3 (Groundball, 4)
Bottom of the 3rd over - 0 runs, 0 hits, 0 errors, 0 left on base; Connetquot 0 - Kennesaw 1
TOP OF THE 4TH
Connetquot Chiefs batting - Pitching for Kennesaw Jets : LHP Ernesto Méndez
Batting: LHB Carlos Guzmán 0-0: Called Strike
0-1: Swinging Strike
0-2: Ball
1-2: SINGLE (Groundball, 34D)
Batting: LHB Luis Aguilar 0-0: Ball
1-0: Called Strike
1-1: Swinging Strike
1-2: Strikes out swinging
Batting: LHB Ramiro Palmeiro 0-0: Ball
1-0: Called Strike
Carlos Guzmán steals 2nd base
1-1: Swinging Strike
1-2: Ball
2-2: Strikes out swinging
Batting: RHB Jason Bradley 0-0: Ball
1-0: Ball
2-0: Called Strike
2-1: Foul Ball, location: 2F
2-2: SINGLE (Line Drive, 9S)
Carlos Guzmán to third
Runner from 3rd tries for Home, SAFE, no throw
Batting: RHB Javier Reyes 0-0: Ball
1-0: Ball
2-0: Swinging Strike
2-1: Foul Ball, location: 2F
2-2: Strikes out swinging
Top of the 4th over - 1 run, 2 hits, 0 errors, 1 left on base; Connetquot 1 - Kennesaw 1
BOTTOM OF THE 4TH
Kennesaw Jets batting - Pitching for Connetquot Chiefs : RHP David Perkins
Batting: RHB Alain Grosjean 0-0: Called Strike
0-1: Swinging Strike
0-2: SINGLE (Flyball, 7LS)
Batting: RHB Meester Gobbles-Rooster 0-0: Ball
1-0: Ball
2-0: Called Strike
2-1: SINGLE (Groundball, 6S) (infield hit)
Alain Grosjean to second
Batting: LHB Lorenzo Trujillo 0-0: Ball
1-0: Called Strike
1-1: Fly out, F7 (Flyball, 7D)
Batting: LHB Sandor Addicks 0-0: Fly out, F4 (Popup, 4MD)
Batting: RHB Troy Ferguson 0-0: Foul Ball, location: 2F
0-1: Swinging Strike
0-2: Ball
1-2: Strikes out swinging passed ball, reaches first!
Alain Grosjean to third
Meester Gobbles-Rooster to second
Batting: RHB Conor Culver 0-0: Ball
1-0: SINGLE (Flyball, 3D)
Alain Grosjean scores
Meester Gobbles-Rooster to third
Troy Ferguson to second
Runner from 3rd tries for Home, SAFE, no throw
Batting: RHB Cary Beswich 0-0: Called Strike
0-1: Ball
1-1: Ball
2-1: Foul Ball, location: 2F
2-2: SINGLE (Groundball, 4MD)
Troy Ferguson to third
Conor Culver to second
Runner from 3rd tries for Home, SAFE, no throw
Batting: RHB Kian Curling 0-0: Ball
Conor Culver steals 3rd base
1-0: Reached on error, E4 (Groundball, 34S)
Conor Culver scores
Cary Beswich to third
Batting: RHB Albert August 0-0: Ground out 6-3 (Groundball, 6)
Bottom of the 4th over - 4 runs, 4 hits, 1 error, 2 left on base; Connetquot 1 - Kennesaw 5
TOP OF THE 5TH
Connetquot Chiefs batting - Pitching for Kennesaw Jets : LHP Ernesto Méndez
Batting: RHB Brock Waxley 0-0: Foul Ball, location: 2F
0-1: Ball
1-1: Called Strike
1-2: Strikes out swinging
Batting: RHB Jack Lynch 0-0: Ground out 6-3 (Groundball, 56)
Batting: RHB Takeshi Kovacs 0-0: Foul Ball, location: 2F
0-1: Foul Ball, location: 2F
0-2: Strikes out looking
Top of the 5th over - 0 runs, 0 hits, 0 errors, 0 left on base; Connetquot 1 - Kennesaw 5
BOTTOM OF THE 5TH
Kennesaw Jets batting - Pitching for Connetquot Chiefs : RHP David Perkins
Batting: RHB Alain Grosjean 0-0: SOLO HOME RUN (Flyball, 7D), Distance : 368 ft
Batting: RHB Meester Gobbles-Rooster 0-0: Ball
1-0: Ball
2-0: Ball
3-0: Base on Balls
Batting: LHB Lorenzo Trujillo 0-0: Foul Ball, location: 2F
0-1: Ball
1-1: Ball
2-1: Foul Ball, location: 2F
2-2: Fly out, F7 (Flyball, 78M)
Batting: LHB Sandor Addicks 0-0: Foul Ball, location: 2F
0-1: Ball
1-1: Ball
2-1: Ball
3-1: Called Strike
3-2: Base on Balls
Meester Gobbles-Rooster to second
Batting: RHB Troy Ferguson 0-0: Ball
1-0: Called Strike
1-1: Called Strike
1-2: Fly out, F7 (Line Drive, 7D)
Batting: RHB Conor Culver 0-0: Ball
1-0: Foul Ball, location: 2F
1-1: SINGLE (Groundball, 56D)
Meester Gobbles-Rooster to third
Sandor Addicks to second
Runner from 3rd tries for Home, SAFE, throw made home
Batting: RHB Cary Beswich 0-0: Ball
1-0: Ball
2-0: Ball
3-0: Called Strike
3-1: Foul Ball, location: 2F
3-2: Foul Ball, location: 2F
3-2: Foul Ball, location: 2F
3-2: Foul Ball, location: 2F
3-2: Base on Balls
Sandor Addicks to third
Conor Culver to second
Batting: RHB Kian Curling 0-0: Called Strike
0-1: Called Strike
0-2: DOUBLE (Flyball, 78D)
Sandor Addicks scores
Conor Culver scores
Cary Beswich to third
Runner from 3rd tries for Home, SAFE, no throw
Batting: RHB Albert August 0-0: Called Strike
0-1: Ball
1-1: Foul Ball, location: 2F
1-2: Ground out 1-3 (Groundball, P)
Bottom of the 5th over - 5 runs, 3 hits, 0 errors, 1 left on base; Connetquot 1 - Kennesaw 10
TOP OF THE 6TH
Connetquot Chiefs batting - Pitching for Kennesaw Jets : LHP Ernesto Méndez
Batting: LHB Rurik Elhov 0-0: Foul Ball, location: 2F
0-1: Swinging Strike
0-2: Ground out 1-3 (Groundball, 15S)
Batting: LHB Carlos Guzmán 0-0: Ball
1-0: Called Strike
1-1: Ground out 5-3 (Groundball, 56)
Batting: LHB Luis Aguilar 0-0: Called Strike
0-1: Foul Ball, location: 2F
0-2: Strikes out looking
Top of the 6th over - 0 runs, 0 hits, 0 errors, 0 left on base; Connetquot 1 - Kennesaw 10
BOTTOM OF THE 6TH
Kennesaw Jets batting - Pitching for Connetquot Chiefs : RHP David Perkins
Batting: RHB Alain Grosjean 0-0: Swinging Strike
0-1: Ball
1-1: Ball
2-1: Fly out, F9 (Flyball, 89XD)
Batting: RHB Meester Gobbles-Rooster 0-0: Called Strike
0-1: Ground out 1-3 (Groundball, 13S)
Batting: LHB Lorenzo Trujillo 0-0: Ball
1-0: Fly out, F7 (Flyball, 7LM)
Bottom of the 6th over - 0 runs, 0 hits, 0 errors, 0 left on base; Connetquot 1 - Kennesaw 10
TOP OF THE 7TH
Connetquot Chiefs batting - Pitching for Kennesaw Jets : LHP Ernesto Méndez
Batting: LHB Ramiro Palmeiro 0-0: Called Strike
0-1: Ball
1-1: Foul Ball, location: 2F
1-2: Ground out U3 (Groundball, 3)
Batting: RHB Jason Bradley 0-0: Called Strike
0-1: Foul Ball, location: 2F
0-2: Ball
1-2: Strikes out looking
Batting: RHB Javier Reyes 0-0: Called Strike
0-1: Ball
1-1: Called Strike
1-2: Strikes out swinging
Top of the 7th over - 0 runs, 0 hits, 0 errors, 0 left on base; Connetquot 1 - Kennesaw 10
BOTTOM OF THE 7TH
Kennesaw Jets batting - Pitching for Connetquot Chiefs : RHP David Perkins
Batting: LHB Sandor Addicks 0-0: Ball
1-0: Fly out, F3 (Popup, 34S)
Batting: RHB Troy Ferguson 0-0: SINGLE (Line Drive, 9LS)
Pitching: RHP Gregorio Garza
Batting: RHB Conor Culver 0-0: Foul Ball, location: 2F
0-1: Ball
1-1: Ball
2-1: Reached via error on a dropped throw, E1
Troy Ferguson to second
Batting: RHB Cary Beswich 0-0: Called Strike
0-1: Ball
1-1: Ball
2-1: Foul Ball, location: 2F
2-2: Ball
3-2: Fielders Choice at 2nd, 6-4 (Groundball, 6)
Troy Ferguson to third
Batting: RHB Kian Curling 0-0: Ball
1-0: Ball
2-0: Foul Ball, location: 2F
2-1: Foul Ball, location: 2F
2-2: Foul Ball, location: 2F
2-2: Strikes out swinging
Bottom of the 7th over - 0 runs, 1 hit, 1 error, 2 left on base; Connetquot 1 - Kennesaw 10
TOP OF THE 8TH
Connetquot Chiefs batting - Pitching for Kennesaw Jets : LHP Ernesto Méndez
Now at C: Ramón Muńóz
Batting: RHB Brock Waxley 0-0: Ball
1-0: SOLO HOME RUN (Flyball, 7D), Distance : 377 ft
Batting: RHB Jack Lynch 0-0: Called Strike
0-1: Called Strike
0-2: Ball
1-2: Ball
2-2: Ground out 5-3 (Groundball, 56S)
Batting: RHB Takeshi Kovacs 0-0: Ground out 6-3 (Groundball, 6)
Batting: LHB Rurik Elhov 0-0: Called Strike
0-1: Called Strike
0-2: Strikes out looking
Top of the 8th over - 1 run, 1 hit, 0 errors, 0 left on base; Connetquot 2 - Kennesaw 10
BOTTOM OF THE 8TH
Kennesaw Jets batting - Pitching for Connetquot Chiefs : RHP Gregorio Garza
Batting: RHB Albert August 0-0: Called Strike
0-1: Swinging Strike
0-2: Ball
1-2: Strikes out swinging
Batting: RHB Alain Grosjean 0-0: Ball
1-0: Ball
2-0: Foul Ball, location: 2F
2-1: Foul Ball, location: 2F
2-2: Fly out, F8 (Flyball, 8LD)
Batting: RHB Meester Gobbles-Rooster 0-0: Fly out, F3 (Popup, 3)
Bottom of the 8th over - 0 runs, 0 hits, 0 errors, 0 left on base; Connetquot 2 - Kennesaw 10
TOP OF THE 9TH
Connetquot Chiefs batting - Pitching for Kennesaw Jets : LHP Ernesto Méndez
Now at 1B: Jason Hopdown
Batting: LHB Carlos Guzmán 0-0: Ball
1-0: Called Strike
1-1: Ball
2-1: Swinging Strike
2-2: Foul Ball, location: 2F
2-2: Foul Ball, location: 2F
2-2: Ball
3-2: Foul Ball, location: 2F
3-2: Strikes out swinging
Batting: LHB Luis Aguilar 0-0: Ball
1-0: Ball
2-0: Called Strike
2-1: Called Strike
2-2: Fly out, F5 (Popup, 5SF)
Batting: LHB Ramiro Palmeiro 0-0: Ball
1-0: Single, Error in OF, E7, batter to second base
Batting: RHB Jason Bradley 0-0: Called Strike
0-1: Foul Ball, location: 2F
0-2: Strikes out looking
Top of the 9th over - 0 runs, 1 hit, 1 error, 1 left on base; Connetquot 2 - Kennesaw 10
Friday, March 29th, 2019 - OOTP Baseball 18.8 Build 76